 Dungeon Crawl Stone Soup version 0.17-a0-1646-geb1493d (webtiles) character file.

146 KarvaRausku the Chopper (level 5, -1/39 HPs)
             Began as a Human Gladiator on Aug 9, 2015.
             Slain by an ice beast (7 damage)
             ... on level 2 of the Dungeon.
             The game lasted 00:03:54 (2411 turns).

KarvaRausku the Chopper (Human Gladiator)           Turns: 2411, Time: 00:03:54

Health: -1/39      AC:  4    Str: 17    XL:     5   Next: 53%
Magic:  5/5        EV: 13    Int:  8    God:
Gold:   61         SH:  0    Dex: 13    Spells: 0 memorised, 4 levels left

rFire  . . .     SeeInvis .     a - +0 war axe
rCold  . . .     Clarity  .     b - +0 leather armour
rNeg   . . .     SustAt   .     (no shield)
rPois  .         Gourm    .     c - +0 helmet
rElec  .         Spirit   .     (no cloak)
rCorr  .         Warding  .     (no gloves)
rMut   .         Stasis   .     (no boots)
MR     .....                    (no amulet)
Stlth  +.........               (no ring)
                                (no ring)

@: not resistant to hostile enchantments, very unstealthy
A: no striking features
a: no special abilities


You were on level 2 of the Dungeon.
You were near starving.

You visited 1 branch of the dungeon, and saw 2 of its levels.

You collected 61 gold pieces.

Inventory:

Hand weapons
 a - a +0 war axe (weapon)
Missiles
 d - 3 throwing nets (quivered)
Armour
 b - a +0 leather armour (worn)
 c - a +0 helmet (worn)
 o - a +1 animal skin
 p - a +0 helmet
 q - a +0 scale mail
Jewellery
 h - an uncursed ring of poison resistance {unknown}
Magical devices
 r - a wand of invisibility (6)
Scrolls
 f - 2 scrolls of identify {unknown}
 j - a scroll of noise {unknown}
 k - 2 scrolls of enchant armour {unknown}
 m - a scroll of enchant weapon {unknown}
 n - 5 scrolls of remove curse {unknown}
Potions
 g - 3 potions of curing {unknown}
 i - a potion of cancellation {unknown}
 l - a potion of invisibility {unknown}
 s - a potion of flight {unknown}
Comestibles
 e - 3 bread rations


   Skills:
 + Level 2.3 Fighting
 + Level 4.0 Axes
 + Level 2.2 Throwing
 + Level 2.2 Armour
 + Level 3.9 Dodging
 + Level 1.0 Stealth


You had 4 spell levels left.
You didn't know any spells.

Dungeon Overview and Level Annotations

Branches:
Dungeon (2/15)

Altars:
Ashenzari


Message History

You now have 61 gold pieces (gained 11).
An ice beast comes into view.
You slash the ice beast!
The ice beast is heavily wounded.
The ice beast hits you. The ice beast freezes you!
You hit the ice beast.
The ice beast is severely wounded.
The ice beast hits you. The ice beast freezes you!
* * * LOW HITPOINT WARNING * * *
You are too injured to fight recklessly!
You are too injured to fight recklessly!
You are too injured to fight recklessly!
You are too injured to fight recklessly!
You are too injured to fight recklessly!
You hit the ice beast.
The ice beast is almost dead.
The ice beast hits you.
* * * LOW HITPOINT WARNING * * *
The ice beast freezes you!
You die...

########...######'#### #########.
.(.....##### #.......# #.........
######.#######.......# #.#######.
............##.......# #.#.....#.
........###.#........# #.#.###.#.
........###.#........# #.#.# #.#.
........)##.#........# #.#.###.#.
........)##.#..Y...### #.#..<..#.
#......#).#.#...@..# #.#...###.
#......##)#.#......#####.#...# #.
.......##)..#................###.
.....................#####.......
.....#####....)....###...##....##
....## ####.#......##.....##...##
#...# #.......#'#.#.......#...#.
#...####.##..#.#.#.#.......'...'.
.......#..<..#.#.#.#.......#...#.


You could see an ice beast.

Vanquished Creatures
  Terence (D:2)
  Robin (D:2)
  5 adders (D:2)
  A gnoll (D:2)
  A worm (D:2)
  2 giant geckos
  6 bats
  3 giant cockroaches (D:1)
  12 goblins
  4 hobgoblins
  4 jackals (D:1)
  A ball python (D:2)
  4 giant newts
  2 kobolds (D:1)
  A quokka (D:2)
  7 rats
55 creatures vanquished.

Notes
Turn   | Place    | Note
--------------------------------------------------------------
     0 | D:1      | KarvaRausku the Human Gladiator began the quest for the Orb.
     0 | D:1      | Reached XP level 1. HP: 16/16 MP: 1/1
    86 | D:1      | Reached XP level 2. HP: 13/22 MP: 2/2
   369 | D:1      | Reached XP level 3. HP: 4/27 MP: 3/3
   759 | D:1      | Reached skill level 1 in Armour
  1318 | D:2      | Noticed Robin
  1325 | D:2      | Killed Robin
  1325 | D:2      | Reached XP level 4. HP: 26/33 MP: 4/4
  1758 | D:2      | Reached skill level 1 in Stealth
  1758 | D:2      | Reached XP level 5. HP: 24/38 MP: 5/5
  2049 | D:2      | Found a shattered altar of Ashenzari.
  2057 | D:2      | Noticed Terence
  2068 | D:2      | Killed Terence
  2068 | D:2      | Reached skill level 4 in Axes
  2406 | D:2      | Noticed an ice beast
  2411 | D:2      | Slain by an ice beast

Vault maps used:
D:1:      dpeg_arrival_line_fractal, minmay_misc_feat_ornament,
          corexii_leaking_fountain
D:2:      kennysheep_six_static_rooms, ashenzari_conservatory_becter,
          first_bread, uniq_terence, uniq_robin

Action                   |  1- 3 |  4- 6 || total
-------------------------+-------+-------++-------
Melee: War axe           |    79 |    96 ||   175
 Stab: Sleeping          |     1 |       ||     1
  Eat: Chunk             |     1 |     2 ||     3
